Map: Incorporeal LE

Players

Wolf - Winner!

  • Race: Zerg Zerg
  • League: Platinum
  • Spawn Location: 5:00

SubN

  • Race: Zerg Zerg
  • League: Diamond
  • Spawn Location: 11:00

VOD

Have the link to the VOD?

Description

Time

  • Played on: July 26, 2025, 9:39 p.m.
  • Length: 6:46
Show
View Real Time Build Order
Export as new Build Order

Wolf Zerg - Winner!

Build Orders: Hatch First 

Get SALT Encoding   

  12  0:01  Drone  
  13  0:08  Drone  
  14  0:16  Overlord  
  14  0:34  Drone x3  
  17  0:52  Hatchery  
  16  1:07  Spawning Pool  
  16  1:09  Drone x2  
  17  1:12  Drone  
  18  1:21  Drone  
  19  1:26  Extractor  
  19  1:30  Overlord  
  18  1:49  Drone  
  18  1:53  Spine Crawler  
  18  1:56  Drone  
  19  2:04  Queen x2  
  19  2:07  Drone  
  19  2:08  Drone  
  25  2:18  Drone x2  
  27  2:30  Drone x2  
  27  2:35  Drone  
  30  2:41  Evolution Chamber  
  30  2:44  Drone  
  30  2:48  Evolution Chamber  
  29  2:51  Evolution Chamber  
  29  2:54  Drone  
  29  2:55  Drone  
  29  2:57  Drone  
  31  3:04  Lair  
  31  3:05  Drone  
  32  3:10  Drone x2, Extractor  
  32  3:11  Extractor  
  32  3:14  Overlord, Extractor  
  32  3:18  Drone  
  32  3:19  Drone  
  33  3:22  Drone  
  36  3:44  Extractor x2  
  36  3:45  Drone  
  36  3:46  Drone x9  
  36  3:48  Overlord  
  44  3:51  Overlord  
  44  3:58  Spine Crawler  
  43  4:18  Spire  
  43  4:20  Overlord x2  
  42  4:40  Spine Crawler  
  42  4:42  Spine Crawler  
  40  5:29  Mutalisk x10  
  60  5:45  Evolution Chamber  
  59  5:50  Mutalisk x2  
  59  5:52  Zergling x2  
  59  5:53  Zergling x24  
  76  6:00  Overlord x2  
  76  6:16  Mutalisk x2  
  74  6:21  Zergling x6  
  70  6:30  Spine Crawler  
Show
View Real Time Build Order
Export as new Build Order

SubN Zerg 

Build Orders: Hatch First 

Get SALT Encoding   

  12  0:00  Drone  
  13  0:12  Overlord  
  13  0:23  Drone  
  14  0:31  Drone x2  
  16  0:46  Hatchery  
  15  0:51  Drone  
  15  0:56  Drone  
  17  0:59  Drone  
  17  1:03  Extractor  
  17  1:14  Spawning Pool  
  16  1:19  Drone  
  16  1:21  Drone  
  19  1:32  Drone  
  19  1:43  Overlord  
  19  2:00  Queen  
  21  2:03  Zergling x4  
  21  2:04  Zergling x2  
  24  2:08  Queen  
  26  2:22  Drone x4  
  30  2:34  Drone x2  
  32  2:40  Queen  
  32  2:43  Overlord  
  34  2:52  Roach Warren  
  33  3:04  Evolution Chamber x2  
  31  3:11  Drone x4  
  35  3:21  Drone  
  35  3:24  Drone x4  
  35  3:25  Extractor  
  39  3:29  Overlord  
  39  3:35  Zerg Missile Weapons Level 1  
  39  3:42  Zerg Ground Armor Level 1  
  39  3:48  Drone x3  
  42  3:53  Lair  
  42  4:01  Drone x4  
  46  4:04  Drone  
  46  4:05  Drone  
  46  4:07  Drone  
  49  4:13  Extractor  
  49  4:17  Overlord  
  48  4:24  Drone  
  48  4:25  Drone  
  48  4:28  Overlord  
  48  4:29  Overlord x2  
  50  4:43  Roach  
  50  4:44  Roach x4  
  60  5:00  Roach  
  60  5:01  Roach x6  
  74  5:10  Roach x2  
  78  5:17  Roach x2  
  82  5:24  Overlord x2  
  82  5:39  Roach  
  83  5:53  Roach  
  83  5:54  Roach x5  
  85  6:11  Roach  
  85  6:12  Roach x5  
  89  6:26  Roach x2  
  89  6:27  Roach  
Tags
 
Add a new tag
Caveats
  • Supply blocks, unpowered buildings, or Contaminate may cause inaccurate times.
  • Supply counts are checked every 10 seconds.